 Dungeon Crawl Stone Soup version 0.30.1-11-g7821555f0a (webtiles) character file.

Game seed: 8831882933540600703

130828 Wiggles the Executioner (level 16, -3/157 HPs)
             Began as a Minotaur Berserker on Dec 14, 2023.
             Was the Champion of Trog.
             Slain by a tarantella (11 damage)
             ... on level 3 of the Spider Nest.
             The game lasted 00:39:54 (25992 turns).

Wiggles the Executioner (Minotaur Berserker)       Turns: 25992, Time: 00:39:55

Health: -3/157     AC:  5    Str: 38    XL:     16   Next: 53%
Magic:  15/15      EV: 11    Int:  4    God:    Trog [******]
Gold:   2363       SH:  0    Dex: 12    Spells: 15/15 levels left

rFire   . . .        A - +3 battleaxe (chaos)
rCold   + . .        (shield currently unavailable)
rNeg    . . .        H - +4 plate armour
rPois   .            x - +2 hat
rElec   +            p - +2 cloak
rCorr   .            r - +2 pair of gloves
SInv    .            M - +0 pair of boots
Will    ++...        W - amulet "Gonouv" {rElec rC+ Regen+ Str+4} Stlth
                     m - ring of Butchery {Will+ Slay+2}
HPRegen 1.26/turn    I - +6 ring of strength
MPRegen 0.14/turn

%: no passive effects
@: corroded, slowed, very slow
A: horns 2, retaliatory headbutt
a: Renounce Religion, Berserk, Trog's Hand, Brothers in Arms


You were on level 3 of the Spider Nest.
You worshipped Trog.
Trog was exalted by your worship.
You visited 4 branches of the dungeon, and saw 25 of its levels.
You also visited: Ossuary.

You collected 3014 gold pieces.
You spent 651 gold pieces at shops.

Inventory:

Hand Weapons
 A - a +3 battleaxe of chaos (weapon)
 K - a +0 heavy executioner's axe
Missiles
 i - a throwing net (quivered)
Armour
 p - a +2 cloak (worn)
 r - a +2 pair of gloves (worn)
 x - a +2 hat (worn)
 H - a +4 plate armour (worn)
 M - a +0 pair of boots (worn)
 Q - +0 fire dragon scales
Jewellery
 j - a ring of see invisible
 k - a +5 ring of evasion
 m - the ring of Butchery (left hand) {Will+ Slay+2}
   (You found it on level 3 of the Spider Nest)

   [ring of willpower]

   Slay:      It affects your accuracy & damage with ranged weapons and melee
   (+2).
   Will:      It increases your willpower.
 s - an amulet of reflection
 I - a +6 ring of strength (right hand)
 J - a ring of protection from cold
 P - an amulet of regeneration
 W - the amulet "Gonouv" (around neck) {rElec rC+ Regen+ Str+4}
   (You found it on level 1 of the Orcish Mines)

   [amulet of regeneration]

   Str:       It affects your strength (+4).
   rC:        It protects you from cold.
   rElec:     It insulates you from electricity.
   Regen:     It increases your rate of health regeneration.
Wands
 d - a wand of mindburst (27)
 e - a wand of flame (52)
 f - a wand of digging (2)
 t - a wand of paralysis (8)
 y - a wand of roots (16)
 L - a wand of quicksilver (10)
Scrolls
 n - 3 scrolls of fog
 o - 8 scrolls of teleportation
 u - 2 scrolls of magic mapping
 E - 4 scrolls of fear
 N - 7 scrolls of identify
 R - a scroll of silence
 S - a scroll of butterflies
Potions
 a - 4 potions of cancellation
 b - a potion of flight
 c - 14 potions of curing
 h - 6 potions of ambrosia
 l - 11 potions of might
 q - 3 potions of mutation
 z - 3 potions of haste
 B - 3 potions of invisibility
 C - 3 potions of magic
 F - a potion of resistance
 G - 2 potions of berserk rage
 O - 4 potions of lignification
Miscellaneous
 g - a phial of floods


   Skills:
 + Level 18.3 Fighting
 + Level 23.3 Axes
 + Level 16.9 Armour
 + Level 6.5 Dodging
 + Level 3.2 Stealth
 + Level 8.3 Shields
 + Level 0.7 Evocations


You had 15 spell levels left.
You didn't know any spells.
Your spell library was empty.

Dungeon Overview and Level Annotations

Branches:
Dungeon (15/15)            Temple (0/1) D:5            Lair (5/5) D:9
  Swamp (0/4) Lair:3       Spider (3/4) Lair:2        Slime (0/5) Lair:5
    Orc (2/2) D:9             Elf (0/3) Orc:2        Vaults (0/5) D:13
 Depths (0/4) D:15        Ossuary (visited)

Altars:
Cheibriados
Dithmenos
Elyvilon
Gozag
Okawaru
Sif Muna
Trog
The Shining One

Shops:
D:2 ?   D:6 :   D:7 ?   D:10 *   D:15 ?   Orc:1 (   Orc:2 *!??


Innate Abilities, Weirdness & Mutations

You have a pair of horns on your head.
You reflexively headbutt those who attack you in melee.


Message History

The entropy weaver completely misses you.
The entropy weaver hits you!
* * * LOW HITPOINT WARNING * * *
The entropy weaver hits you.
* * * LOW HITPOINT WARNING * * *
The entropy weaver points at you and mumbles some strange words.
The entropic weave corrodes you!
You swap places.
The entropy weaver hits your troll but does no damage.
The entropy weaver hits your troll! x3
Your troll barely misses the entropy weaver. x3
The entropy weaver hits your troll!
The entropy weaver hits your troll but does no damage.
The entropy weaver barely misses your troll.
The entropy weaver hits your troll!
Your troll closely misses the entropy weaver.
Your troll misses the entropy weaver.
Your troll claws the entropy weaver but does no damage.
The entropy weaver hits your troll!
Your troll dies!
Your troll's corpse disappears in a puff of smoke!
You see here a demonic crawler corpse.
You slash the entropy weaver!
The entropy weaver is heavily wounded.
The entropy weaver hits you.
* * * LOW HITPOINT WARNING * * *
The entropy weaver closely misses you. The entropy weaver hits you!
* * * LOW HITPOINT WARNING * * *
The entropy weaver hits you but does no damage.
You hit the entropy weaver.
Space warps horribly around the entropy weaver!
You headbutt the entropy weaver, but do no damage.
The entropy weaver is severely wounded.
You barely miss the tarantella. The tarantella touches you.
* * * LOW HITPOINT WARNING * * *
The entropy weaver closely misses you. The entropy weaver hits you!
* * * LOW HITPOINT WARNING * * *
The entropy weaver hits you but does no damage. x2
The tarantella touches you!
You die...

# ... # #.. # ..##
### ###?. ..# #.#.#
.## #.#.# .####
#^.####..## ....##
#^^..^w.s.##
.....##^#.#####B@.#
...#..##########†.#
.####....^.^..^.^##
## ############## #


You could see an entropy weaver, a torpor snail and a tarantella.

Vanquished Creatures
  Rupert (D:15)
  The ghost of Redtiger2211 the Severer, a journeyman MiBe of Trog (Spider:1)
  An emperor scorpion (Spider:3)
  An orc warlord (Orc:2)
  A stone giant (Orc:1)
  A dire elephant (D:15)
  A spark wasp (Spider:3)
  2 ettins (Orc:1)
  A fire dragon (Lair:5)
  2 entropy weavers
  7 hydras
  3 ogre magi
  A vault guard (D:13)
  3 radroaches
  5 centaur warriors
  A boulder beetle (shapeshifter) (D:15)
  5 boulder beetles
  A catoblepas (Lair:2)
  16 two-headed ogres
  3 tengu warriors
  2 pharaoh ants (Spider:1)
  A deep troll (Orc:2)
  An iron troll (Orc:2)
  A skyshark (Lair:5)
  2 orb spiders (Spider:1)
  3 steelbarb worms
  An orange crystal statue (D:13)
  3 lindwurms
  5 wolf spiders
  2 deep elf pyromancers (D:15)
  An orc sorcerer (Orc:1)
  An orc knight (D:15)
  3 manticores
  17 ugly things
  18 cyclopes
  A salamander (shapeshifter) (D:14)
  12 elephants
  A black mamba (shapeshifter) (D:14)
  3 molten gargoyles (Lair:5)
  8 black mambas
  Joseph (D:7)
  15 cane toads
  A gargoyle (D:13)
  3 kobold demonologists (D:12)
  3 rime drakes
  4 demonic crawlers
  7 komodo dragons
  A yaktaur (D:13)
  2 tengu conjurers
  6 trolls
  6 meliai
  11 tarantellas
  A hornet (D:9)
  Prince Ribbit (D:7)
  32 blink frogs
  11 jumping spiders
  11 slime creatures
  2 shadows
  12 culicivoras
  13 wyverns
  4 wraiths
  A vampire (D:12)
  36 yaks
  8 basilisks
  Eustachio (D:6)
  11 vampire mosquitoes
  7 wargs
  20 redbacks
  3 steam dragons
  Edmund (D:5)
  2 acid dragons
  5 hell hounds (Lair:5)
  Duvessa (D:7)
  15 water moccasins
  A sky beast (D:7)
  2 ice beasts (D:7)
  21 orc warriors
  A black bear (D:5)
  22 ogres
  18 centaurs
  27 wolves
  2 kobold brigands
  3 elf zombies (Ossuary)
  13 bullfrogs
  2 gnoll sergeants
  6 scorpions
  12 wights
  Dowan (D:7)
  12 killer bees
  2 electric eels
  4 centaur zombies (Ossuary)
  6 lava snakes
  5 human zombies (Ossuary)
  12 orc priests
  8 hounds
  3 sleepcaps
  4 iguanas
  22 orc wizards
  3 mummies (Ossuary)
  15 gnolls
  7 adders
  3 shadow imps
  2 white imps (D:6)
  2 ufetubi
  5 dart slugs
  84 orcs
  8 endoplasms
  2 giant cockroaches
  5 goblins
  11 hobgoblins
  4 jackals (D:3)
  4 quokkas
  7 ball pythons
  3 bats
  3 frilled lizards
  2 goblin zombies (D:5)
  15 kobolds
  8 rats
  A spectral weapon (D:7)
804 creatures vanquished.

Vanquished Creatures (collateral kills)
  3 two-headed ogres (Orc:2)
  An orc knight (Orc:2)
  3 cyclopes
  Maurice (D:8)
  Maggie (D:8)
  5 trolls (Orc:2)
  3 ogres (Orc:2)
  An orc wizard (Orc:2)
  An orc (Orc:2)
19 creatures vanquished.

Vanquished Creatures (others)
  Nessos (D:14)
  A tarantella (Spider:1)
  A lava snake (Lair:5)
  A gnoll (D:9)
  An orc (Orc:1)
5 creatures vanquished.

Grand Total: 828 creatures vanquished

Notes
Turn   | Place    | Note
-------+----------+-------------------------------------------
     0 | D:1      | Wiggles the Minotaur Berserker began the quest for the Orb.
     0 | D:1      | Reached XP level 1. HP: 19/19 MP: 0/0
   137 | D:1      | Reached XP level 2. HP: 27/27 MP: 1/1
   177 | D:1      | Reached skill level 4 in Axes
   480 | D:1      | Reached XP level 3. HP: 32/33 MP: 2/2
  1191 | D:2      | Found Nofaoho's Magic Scroll Shop.
  1566 | D:3      | Found a white marble altar of Elyvilon.
  1568 | D:3      | Reached ** piety under Trog
  1600 | D:3      | Reached XP level 4. HP: 41/41 MP: 3/3
  1870 | D:3      | Reached skill level 5 in Axes
  1929 | D:3      | Found an opulent altar of Gozag.
  2228 | D:3      | Found a faded altar of an unknown god.
  2304 | D:3      | Reached XP level 5. HP: 47/47 MP: 4/4
  2729 | D:4      | Reached skill level 6 in Axes
  2729 | D:4      | Reached XP level 6. HP: 54/55 MP: 5/5
  2739 | D:4      | Reached skill level 5 in Fighting
  2937 | D:4      | Found a shimmering blue altar of Sif Muna.
  3098 | D:4      | Reached skill level 7 in Axes
  3241 | D:5      | Entered Level 5 of the Dungeon
  3246 | D:5      | Reached skill level 1 in Shields
  3314 | D:5      | Found a staircase to the Ecumenical Temple.
  3319 | D:5      | Reached XP level 7. HP: 57/61 MP: 6/6
  3346 | D:5      | Found a sand-covered staircase.
  3358 | D:5      | Reached *** piety under Trog
  3368 | Ossuary  | Entered an ossuary
  3422 | Ossuary  | Reached skill level 8 in Axes
  3560 | Ossuary  | Reached XP level 8. HP: 64/70 MP: 7/7
  3564 | Ossuary  | Reached skill level 9 in Axes
  3564 | Ossuary  | Reached skill level 1 in Stealth
  3666 | D:5      | Noticed Edmund
  3673 | D:5      | Killed Edmund
  4238 | D:6      | Reached skill level 10 in Axes
  4238 | D:6      | Reached skill level 5 in Armour
  4240 | D:6      | Reached **** piety under Trog
  4533 | D:6      | Noticed Eustachio
  4616 | D:6      | Killed Eustachio
  4617 | D:6      | Reached skill level 11 in Axes
  4617 | D:6      | Reached XP level 9. HP: 71/78 MP: 8/8
  4841 | D:6      | Found Bikhosecs's Book Shop.
  5056 | D:6      | Found a bloodstained altar of Trog.
  5504 | D:7      | Found a glowing golden altar of the Shining One.
  5571 | D:7      | Found an iron altar of Okawaru.
  5574 | D:7      | Noticed Dowan
  5575 | D:7      | Noticed Duvessa
  5581 | D:7      | Killed Duvessa
  5583 | D:7      | Killed Dowan
  5673 | D:7      | Reached skill level 12 in Axes
  5861 | D:7      | Found a snail-covered altar of Cheibriados.
  5866 | D:7      | Noticed Joseph
  5882 | D:7      | Killed Joseph
  5883 | D:7      | Reached XP level 10. HP: 16/88 MP: 9/9
  5917 | D:7      | Reached ***** piety under Trog
  6143 | D:7      | Noticed a two-headed ogre
  6150 | D:7      | Killed a two-headed ogre
  6151 | D:7      | Reached skill level 13 in Axes
  6196 | D:7      | Reached skill level 5 in Dodging
  6524 | D:7      | Found Vucwad's Magic Scroll Shop.
  6527 | D:7      | Bought a scroll of enchant weapon for 75 gold pieces
  6559 | D:7      | Noticed Prince Ribbit
  6568 | D:7      | Killed Prince Ribbit
  6949 | D:7      | Noticed a two-headed ogre
  6959 | D:7      | Killed a two-headed ogre
  6960 | D:7      | Reached skill level 14 in Axes
  7302 | D:8      | Noticed Maggie
  7304 | D:8      | Noticed Maurice
  7314 | D:8      | Paralysed by Maurice for 5 turns
  7321 | D:8      | Killed Maggie
  7325 | D:8      | Paralysed by Maurice for 5 turns
  7326 | D:8      | Killed Maurice
  7571 | D:8      | Reached XP level 11. HP: 90/97 MP: 10/10
  7884 | D:9      | Noticed a two-headed ogre
  7888 | D:9      | Killed a two-headed ogre
  7978 | D:9      | Noticed a two-headed ogre
  7995 | D:9      | Killed a two-headed ogre
  7996 | D:9      | Reached skill level 15 in Axes
  8248 | D:9      | Found a shadowy altar of Dithmenos.
  8352 | D:9      | Found a staircase to the Orcish Mines.
  8452 | D:9      | Found a staircase to the Lair.
  8664 | D:10     | Entered Level 10 of the Dungeon
  9126 | D:10     | Found Guerraoc's Assorted Antiques.
  9182 | D:10     | Bought a scroll of enchant weapon for 172 gold pieces
  9182 | D:10     | Bought a scroll of brand weapon for 218 gold pieces
  9597 | D:11     | Noticed a green ugly thing
  9605 | D:11     | Killed a green ugly thing
  9606 | D:11     | Reached skill level 10 in Fighting
  9656 | D:11     | Noticed a boulder beetle
  9667 | D:11     | Killed a boulder beetle
  9668 | D:11     | Reached skill level 10 in Armour
  9839 | D:11     | Noticed a two-headed ogre
  9844 | D:11     | Killed a two-headed ogre
  9845 | D:11     | Reached skill level 16 in Axes
 10591 | Lair:1   | Entered Level 1 of the Lair of Beasts
 10602 | Lair:1   | Noticed a lindwurm
 10611 | Lair:1   | Killed a lindwurm
 10612 | Lair:1   | Reached XP level 12. HP: 69/108 MP: 11/11
 11227 | Lair:1   | Reached skill level 17 in Axes
 11610 | Lair:2   | Received a gift from Trog
 11999 | Lair:2   | Reached skill level 18 in Axes
 12034 | Lair:2   | Noticed a catoblepas
 12044 | Lair:2   | Killed a catoblepas
 12355 | Lair:2   | Found a hole to the Spider Nest.
 12693 | Lair:3   | Found a staircase to the Swamp.
 12822 | Lair:3   | Reached XP level 13. HP: 95/116 MP: 12/12
 12933 | Lair:3   | Reached ****** piety under Trog
 12933 | Lair:3   | Received a gift from Trog
 13233 | Lair:3   | Reached skill level 19 in Axes
 13392 | Lair:3   | Reached skill level 5 in Shields
 14908 | Lair:5   | Entered Level 5 of the Lair of Beasts
 14924 | Lair:5   | Reached skill level 20 in Axes
 15473 | Lair:5   | Found a staircase to the Slime Pits.
 15881 | Lair:5   | Received a gift from Trog
 15956 | Lair:5   | Reached XP level 14. HP: 124/129 MP: 13/13
 16406 | Lair:5   | Found a large runed translucent door.
 16407 | Lair:5   | Found a large runed translucent door.
 18137 | D:13     | Received a gift from Trog
 18214 | D:13     | Reached skill level 21 in Axes
 19434 | D:13     | Found a gate to the Vaults.
 19819 | D:14     | Reached skill level 15 in Armour
 19822 | D:14     | Reached skill level 15 in Fighting
 19970 | D:14     | Noticed Nessos
 19974 | D:14     | Paralysed by Nessos for 5 turns
 19992 | D:14     | Killed Nessos
 20353 | D:14     | Reached XP level 15. HP: 94/141 MP: 14/14
 20770 | D:15     | Entered Level 15 of the Dungeon
 20773 | D:15     | Received a gift from Trog
 20865 | D:15     | Found Zeilol's Magic Scroll Shoppe.
 20878 | D:15     | Bought a scroll of brand weapon for 104 gold pieces
 20878 | D:15     | Bought a scroll of enchant armour for 82 gold pieces
 21221 | D:15     | Noticed Rupert
 21233 | D:15     | Killed Rupert
 21234 | D:15     | Reached skill level 22 in Axes
 21563 | D:15     | Found a staircase to the Depths.
 22468 | Orc:1    | Entered Level 1 of the Orcish Mines
 22782 | Orc:1    | Identified the amulet "Gonouv" {rElec rC+ Regen+ Str+4}
 22820 | Orc:1    | Identified the +1 war axe of Death {drain, rElec rF+}
 22823 | Orc:1    | Identified the +7 giant club of Courage {drain, rC+}
 22828 | Orc:1    | Identified the +1 flail "Naxi" {flame, Fly rC- Dex+2}
 22829 | Orc:1    | Identified the +2 lajatang of Dullness {freeze, SInv}
 22925 | Orc:1    | Received a gift from Trog
 22988 | Orc:1    | Found Paesmix's Weapon Shoppe.
 23465 | Orc:2    | Entered Level 2 of the Orcish Mines
 23579 | Orc:2    | Reached XP level 16. HP: 91/155 MP: 15/15
 23586 | Orc:2    | Found Highorph's Distillery.
 23670 | Orc:2    | Received a gift from Trog
 23842 | Orc:2    | Found a staircase to the Elven Halls.
 23852 | Orc:2    | Found Tiewixat's General Store.
 23855 | Orc:2    | Found Qohamuh's Magic Scroll Shop.
 23856 | Orc:2    | Found Itaorchir's Magic Scroll Emporium.
 24302 | Spider:1 | Entered Level 1 of the Spider Nest
 24384 | Spider:1 | Found a runed translucent door.
 24391 | Spider:1 | Noticed Redtiger2211's ghost (journeyman MiBe)
 24421 | Spider:1 | Killed Redtiger2211's ghost
 24433 | Spider:1 | Identified the +9 morningstar of the Destroying Stork
                  | {flame, Str+3}
 24599 | Spider:1 | Reached skill level 23 in Axes
 25428 | Spider:2 | Identified the +8 rapier "Doaj" {freeze, rElec rPois Str+5}
 25584 | Spider:2 | Received a gift from Trog
 25877 | Spider:3 | Identified the ring of Butchery {Will+ Slay+2}
 25992 | Spider:3 | Slain by a tarantella

Illustrated notes

Levels and vault maps discovered:
D:1:      minmay_arrival_diagonal_passages, layout_loops_ring, serial_rivers,
          chequers_serial_rivers_micro_b, chequers_serial_rivers_room_a,
          chequers_serial_rivers_micro_c, chequers_serial_rivers_room_b,
          chequers_serial_rivers_small_b, chequers_serial_rivers_small_a
D:2:      layout_basic, serial_shops, shop, roderic_lattice_a
D:3:      minmay_angry_zag, layout_loops_ring, mainiacjoe_overflow_paths,
          mainiacjoe_overflow_alcove_2,
          dreamdust_ecumenical_altar_hidden_monk_grotto, dk_noncrumbling_4,
          st_stairs_10
D:4:      layout_loops_ring, nicolae_sif_muna_little_library
D:5:      layout_basic, minmay_temple_entry_purple_smoke, enter_ossuary_4,
          minmay_between, uniq_edmund
D:6:      layout_cave_pools, trog_book, serial_shops, shop, grunt_ministairs_2,
          uniq_eustachio
D:7:      nzn_winding_woodlands_three_and_one [nzn_winding_woodlands_5x15_eye,
          nzn_winding_woodlands_5x15_cabin,
          nzn_winding_woodlands_5x15_lazy_stream,
          nzn_winding_woodlands_center_pierced_h], layout_cave_pods,
          nicolae_tso_carved_into_rock, mainiacjoe_overflow_brackets,
          okawaru_gym_becter, serial_shops, nicolae_shop_rolled_up,
          uniq_prince_ribbit1, uniq_duvessa, uniq_joseph
D:8:      layout_rooms, uniq_maggie, uniq_maurice
D:9:      layout_roguey, mainiacjoe_overflow_concentric_impassable,
          lair_entry_dummy, hiddenorc1_lemuel, kennysheep_big_empty_room,
          nicolae_figureground_pulse
D:10:     layout_irregular_city, nicolae_overflow_hidden_temple, serial_shops,
          shop
D:11:     layout_long_grid, serial_rivers, chequers_serial_rivers_small_a,
          chequers_serial_rivers_marsh, chequers_serial_rivers_room_b,
          chequers_serial_rivers_micro_b, chequers_serial_rivers_marsh,
          grunt_ministairs_2
D:12:     layout_irregular_city
D:13:     layout_gridville, david_vaults_5, disabler_island, uniq_lodul
D:14:     layout_cave_pools, hangedman_abyss_or_decor_lesser_grid, uniq_nessos
D:15:     hangedman_depths_entry_try_elsewhere_first, layout_irregular_city,
          serial_shops, nicolae_diamond_shop, chequers_serial_rivers_room_a,
          uniq_rupert
Lair:1:   layout_regular_city, chequers_serial_rivers_small_3,
          grunt_megastairs_5, infiniplex_staircase_pool
Lair:2:   layout_gridlike, spider_nest_entry_webs, chequers_serial_rivers_marsh
Lair:3:   layout_gridlike, swamp_mist_pool, beast_lair_carwin_6
Lair:4:   layout_hall_layers, lemuel_fruit_fields
Lair:5:   cheibrodos_lair_end_hotspot, layout_loops_ring, slime_entry_1
Spider:1: layout_spider_delve, ebering_ghost_inner_flame, nicolae_spider_orb_run
Spider:2: layout_spider_delve, nicolae_spider_stair_cavern
Spider:3: layout_spider_delve, nicolae_spider_jagged_tunnels
Orc:1:    giant_chief_lemuel, layout_diamond_mine, serial_shops, shop
Orc:2:    st_orc_open, layout_caves

Skill      XL: |  1  2  3  4  5  6  7  8  9 10 11 12 13 14 15 16 |
---------------+-------------------------------------------------+-----
Fighting       | 4 5 6 7 9 10 11 13 15 17 18 | 18.3
Axes           | 4 5 6 7 8 11 12 14 16 18 20 21 22 23 | 23.3
Armour         | 3 4 5 7 8 10 12 13 15 16 | 16.9
Shields        | 1 2 3 4 6 8 |  8.3
Dodging        | 3 4 5 6 |  6.5
Stealth        | 1 2 3 |  3.2
Evocations     | |  0.7

Action                     |  1- 3 |  4- 6 |  7- 9 | 10-12 | 13-15 | 16-18 || total
---------------------------+-------+-------+-------+-------+-------+-------++-------
  Melee: Hand axe          |    78 |    35 |       |       |       |       ||   113
         Headbutt          |    14 |    18 |    37 |    71 |   184 |    49 ||   373
         War axe           |       |   106 |   147 |       |       |       ||   253
         Battleaxe         |       |       |    81 |   418 |   781 |   218 ||  1498
 Invoke: Berserk           |       |     1 |     3 |     3 |     1 |       ||     8
         Brothers in Arms  |       |       |       |     2 |     3 |     1 ||     6
  Evoke: Wand              |       |       |       |     5 |     1 |       ||     6
    Use: Scroll            |       |       |    17 |    14 |    10 |     1 ||    42
         Potion            |       |       |       |     2 |     6 |     4 ||    12
   Stab: Sleeping          |     2 |       |       |       |       |       ||     2
         Petrified         |       |       |       |     3 |       |       ||     3
         Confused          |       |       |       |       |     2 |     1 ||     3
 Armour: Animal skin       |     2 |       |       |       |       |       ||     2
         Leather armour    |     5 |       |       |       |       |       ||     5
         Chain mail        |    17 |    75 |   117 |    99 |       |       ||   308
         Plate armour      |       |       |       |    67 |   514 |   148 ||   729
  Dodge: Dodged            |    44 |    90 |   196 |   328 |   636 |   171 ||  1465
  Block: Buckler           |       |     3 |    40 |       |       |       ||    43
         Other             |       |       |       |    10 |   140 |       ||   150
         Reflection        |       |       |       |       |    12 |       ||    12
